 Dungeon Crawl Stone Soup version 0.31-a0-1620-gcbf77bbcfc (webtiles) character file.

Game seed: 10306591402473682292

2318 Lobster4 the Apothecary (level 9, -7/68 HPs)
             Began as a Human Wanderer on Jan 11, 2024.
             Was a Follower of Nemelex Xobeh.
             Killed from afar by a steam dragon (20 damage)
             ... with a ball of steam
             ... on level 7 of the Dungeon.
             The game lasted 00:35:04 (10274 turns).

Lobster4 the Apothecary (Human Wanderer)           Turns: 10274, Time: 00:35:05

Health: -7/68      AC:  5    Str: 12    XL:     9   Next: 41%
Magic:  11/16      EV: 18    Int: 17    God:    Nemelex Xobeh [*.....]
Gold:   433        SH:  0    Dex: 19    Spells: 14/18 levels left

rFire   . . .        z - staff of air
rCold   . . .        (no shield)
rNeg    . . .        i - +0 robe {Will+}
rPois   .            n - +1 helmet
rElec   +            b - +0 cloak
rCorr   .            (no gloves)
SInv    .            (no boots)
Will    +....        (no amulet)
Stlth   +++          y - +5 ring of evasion
HPRegen 0.31/turn    o - +6 ring of dexterity
MPRegen 0.15/turn

%: no passive effects
@: studying Stealth
A: explore regen
a: Renounce Religion, Draw Escape, Draw Destruction, Draw Summoning


You were on level 7 of the Dungeon.
You worshipped Nemelex Xobeh.
Nemelex Xobeh was aware of your devotion.
You visited 2 branches of the dungeon, and saw 8 of its levels.
You also visited: Sewer.

You collected 433 gold pieces.

Inventory:

Hand Weapons
 g - a +0 hand axe
 p - a +0 short sword of venom
 A - a +0 short sword
 H - a +2 dagger of electrocution
Missiles
 f - 18 poisoned darts
 x - a throwing net
 K - 79 stones
 L - a curare-tipped dart
 M - 2 boomerangs
Armour
 b - a +0 cloak (worn)
 i - a +0 robe of willpower (worn)
 n - a +1 helmet (worn)
 J - +0 fire dragon scales
Magical Staves
 z - a staff of air (weapon)
Jewellery
 j - a +6 ring of strength
 o - a +6 ring of dexterity (right hand)
 y - a +5 ring of evasion (left hand)
Wands
 a - a wand of quicksilver (3)
 E - a wand of paralysis (5)
 F - a wand of roots (4)
Scrolls
 c - a scroll of silence
 l - 5 scrolls of poison
 m - a scroll of revelation {unknown}
 r - a scroll of enchant armour
 s - 3 scrolls of noise
 t - 3 scrolls of amnesia
 u - 3 scrolls of teleportation
 B - 2 scrolls of enchant weapon {unknown}
 G - a scroll of fear {unknown}
 I - a scroll of summoning {unknown}
Potions
 d - 2 potions of lignification {unknown}
 h - 2 potions of haste
 k - 4 potions of mutation
 q - a potion of magic
 v - 3 potions of enlightenment
 w - a potion of brilliance {unknown}
 C - 2 potions of ambrosia
 D - 2 potions of heal wounds {unknown}


   Skills:
 + Level 5.5 Fighting
 - Level 1.0 Short Blades
 + Level 0.0 Staves
 - Level 3.0 Armour
 - Level 3.0 Dodging
 - Level 4.0 Stealth
 + Level 5.2 Spellcasting
 - Level 3.0 Conjurations
 + Level 4.3 Air Magic
 + Level 5.9 Alchemy
 - Level 3.0 Invocations
 + Level 0.0 Evocations


You had 14 spell levels left.
You knew the following spells:

 Your Spells              Type           Power      Damage    Failure   Level
a - Sting                 Conj/Alch      76%        1d7       2%          1
b - Shock                 Conj/Air       100%       1d9       3%          1
c - Mercury Vapours       Alch/Air       66%        N/A       2%          2

Your spell library contained the following spells:

 Spells                   Type           Power      Damage    Failure   Level
 Magic Dart               Conj           56%        1d5       4%          1
 Searing Ray              Conj           28%        2d5       6%          2
 Mephitic Cloud           Conj/Alch/Air  29%        N/A       7%          3
 Swiftness                Air            29%        N/A       7%          3
 Olgreb's Toxic Radiance  Alch           24%        N/A       12%         4
 Dazzling Flash           Conj/Hex       18%        N/A       22%         3
 Airstrike                Air            14%        2d(3-19)  22%         4
 Fulminant Prism          Conj/Alch      9%         3d6       22%         4
 Volatile Blastmotes      Fire/Tloc      8%         2d10      38%         3
 Freezing Cloud           Conj/Ice/Air   9%         6-21      80%         5
 Starburst                Conj/Fire      4%         6d4       100%        6
 Maxwell's Capacitive Co  Air            14%        ∞         100%        8


Dungeon Overview and Level Annotations

Branches:
Dungeon (7/15)             Temple (1/1) D:5           Sewer (visited)

Altars:
Ashenzari
Cheibriados
Dithmenos
Elyvilon
Fedhas
Gozag
Kikubaaqudgha
Makhleb
Nemelex Xobeh
Okawaru
Qazlal
Sif Muna
Trog
Vehumet
Wu Jian
Xom
Zin
The Shining One

Annotations:
D:4 3 runed translucent doors, Pokonic1's ghost, novice OnFE; Swimmer's ghost, amateur MiFi
D:5 3 runed translucent doors, Pickler's ghost, novice DrIE


Innate Abilities, Weirdness & Mutations

You regain HP and MP as you explore.


Message History

Confirm with . or Enter, or press ? or * to list all spells.
Aiming: Sting (safe; 2% risk of failure)
Press: ? - help, Shift-Dir - straight line, f/p - steam dragon
Aim: a steam dragon (moderately wounded, very poisoned, catching its breath, 74% to hit)
The sting hits the steam dragon.
The steam dragon looks even sicker.
The steam dragon is heavily wounded.
You are engulfed in a cloud of scalding steam.
The steam dragon breathes steam at you. The ball of steam hits you!
Casting: Sting (safe; 2% risk of failure)
Confirm with . or Enter, or press ? or * to list all spells.
Aiming: Sting (safe; 2% risk of failure)
Press: ? - help, Shift-Dir - straight line, f/p - steam dragon
Aim: a steam dragon (steam, heavily wounded, very poisoned, catching its breath, 74% to hit)
The sting hits the steam dragon.
The steam dragon looks as sick as possible!
The steam dragon is severely wounded.
You are engulfed in a cloud of scalding steam.
* * * LOW HITPOINT WARNING * * *
Okay, then.
You hear the steady creaking of a very distant portcullis.
The steam dragon attacks as it pursues you!
The steam dragon bites you.
* * * LOW HITPOINT WARNING * * *
The steam dragon claws you.
* * * LOW HITPOINT WARNING * * *
You feel better. The steam dragon completely misses you.
The steam dragon misses you.
Casting: Sting (safe; 2% risk of failure)
Confirm with . or Enter, or press ? or * to list all spells.
Aiming: Sting (safe; 2% risk of failure)
Press: ? - help, Shift-Dir - straight line, f/p - steam dragon
Aim: a steam dragon (severely wounded, extremely poisoned, 74% to hit)
The sting hits the steam dragon but does no damage.
The steam dragon looks as sick as possible!
The steam dragon is severely wounded.
The steam dragon breathes steam at you. The ball of steam hits you!!
You die...
Your body disappears without a glow.

...######## ..........#
..........# ..........#
..........# ..........#
#.....§.# .# # +...§.D.#
.# .##.....@.##### .####.
..............#
....#.##+##...........#
....#.................###
....#....................
....#....................
.)..#.................##.
..[...................#
......................#


You could see a steam dragon (extremely poisoned, catching breath).

Vanquished Creatures
  A hornet (D:6)
  2 ice beasts
  2 ogres
  2 centaurs
  A phantom (D:5)
  A kobold brigand (D:6)
  Blork the orc (D:5)
  A bullfrog (D:6)
  2 scorpions (D:5)
  11 wights
  4 bombardier beetles
  A sleepcap (D:4)
  3 hounds (D:5)
  3 jellies
  An orc wizard (D:3)
  8 adders
  3 gnolls (D:4)
  2 river rats (Sewer)
  8 ribbon worms
  7 dart slugs
  10 orcs
  13 ball pythons
  13 bats
  5 endoplasms
  5 giant cockroaches
  4 goblins
  7 hobgoblins
  14 jackals
  15 kobolds
  A quokka (D:2)
  4 frilled lizards
  4 rats
159 creatures vanquished.

Notes
Turn   | Place    | Note
-------+----------+-------------------------------------------
     0 | D:1      | Lobster4 the Human Wanderer began the quest for the Orb.
     0 | D:1      | Lobster4 set off with the following items: a +0 club, a +0
                  | cloak, a scroll of silence, a +0 robe, a potion of
                  | attraction; and the following spell memorised: Sting; and
                  | the following spells available to memorise: Olgreb's Toxic
                  | Radiance, Fulminant Prism.
     0 | D:1      | Reached XP level 1. HP: 13/13 MP: 2/2
   237 | D:1      | Reached XP level 2. HP: 20/20 MP: 0/3
   729 | D:1      | Reached skill level 1 in Fighting
   729 | D:1      | Reached skill level 1 in Armour
   805 | D:1      | Reached XP level 3. HP: 26/26 MP: 2/5
  1984 | D:2      | Reached XP level 4. HP: 32/32 MP: 3/6
  2350 | D:3      | Found a glowing drain.
  2428 | Sewer    | Entered a sewer
  2973 | Sewer    | Learned a level 1 spell: Shock
  2989 | Sewer    | Noticed a brain worm
  3064 | Sewer    | Reached XP level 5. HP: 15/38 MP: 0/8
  3866 | D:3      | Reached skill level 1 in Conjurations
  4995 | D:4      | Reached XP level 6. HP: 45/45 MP: 6/9
  5415 | D:4      | Found a runed translucent gate.
  5415 | D:4      | Found a runed translucent gate.
  5415 | D:4      | Found a runed translucent gate.
  5415 | D:4      | Noticed Pokonic1's ghost (novice OnFE)
  5416 | D:4      | Noticed Swimmer's ghost (amateur MiFi)
  5931 | D:5      | Entered Level 5 of the Dungeon
  5956 | D:5      | Found a runed translucent gate.
  5956 | D:5      | Found a runed translucent gate.
  5964 | D:5      | Reached skill level 1 in Short Blades
  5970 | D:5      | Noticed Pickler's ghost (novice DrIE)
  6299 | D:5      | Noticed an ice beast
  6596 | D:5      | Reached skill level 1 in Air Magic
  6622 | D:5      | Killed an ice beast
  6623 | D:5      | Reached XP level 7. HP: 23/51 MP: 2/11
  6797 | D:5      | Noticed Blork the orc
  7497 | D:5      | Found a runed translucent gate.
  7732 | D:5      | Killed Blork the orc
  7733 | D:5      | Reached XP level 8. HP: 60/60 MP: 5/13
  8015 | D:5      | Learned a level 2 spell: Mercury Vapours
  8036 | D:5      | Found a staircase to the Ecumenical Temple.
  8041 | Temple   | Entered the Ecumenical Temple
  8068 | Temple   | Became a worshipper of Nemelex Xobeh the Trickster
  8578 | D:6      | Reached skill level 1 in Invocations
  8881 | D:6      | Reached skill level 5 in Alchemy
  9039 | D:6      | Noticed a hornet
  9042 | D:6      | Paralysed by a hornet for 1 turns
  9045 | D:6      | Killed a hornet
  9046 | D:6      | Reached XP level 9. HP: 27/67 MP: 9/15
  9438 | D:6      | Identified the death talisman of the Howling Gods {rF+}
  9446 | D:6      | Reached skill level 5 in Fighting
  9981 | D:7      | Reached skill level 5 in Spellcasting
 10140 | D:7      | Reached * piety under Nemelex Xobeh
 10274 | D:7      | Killed from afar by a steam dragon

Illustrated notes

Levels and vault maps discovered:
D:1:      reono_arrival_forest_river, layout_basic, grunt_decor_junction
D:2:      layout_loops_ring
D:3:      layout_loops_cross, serial_bayou, serial_bayou_lagoon_b,
          serial_bayou_lagoon_a, serial_bayou_shore_b, serial_bayou_shore_a,
          serial_bayou_pond_a, cheibrodos_sewer_entry_drain
D:4:      layout_rooms, gammafunk_ghost_cemetery, serial_bayou_pond_b,
          nicolae_concentric_dashed_squares_wild
D:5:      layout_basic, minmay_temple_entry_nine_rooms,
          gammafunk_ghost_nasty_kobolds, uniq_blork_the_orc
D:6:      layout_basic, minmay_manual_macuahuitl
D:7:      dreamdust_elfheim, layout_basic, enter_bailey_3
Temple:   mainiacjoe_temple_bowtie_tessellation

Skill      XL: |  1  2  3  4  5  6  7  8  9 |
---------------+----------------------------+-----
Fighting       | 1 2 3 4 5 |  5.5
Armour         | 1 2 3 |  3.0
Spellcasting   | 2 3 4 5 |  5.2
Alchemy        | 3 4 5 |  5.9
Conjurations   | 1 2 3 |  3.0
Short Blades   | 1 |  1.0
Air Magic      | 1 2 3 4 |  4.3
Invocations    | 2 3 |  3.0
Dodging        | |  3.0
Stealth        | |  4.0

Action                     |  1- 3 |  4- 6 |  7- 9 || total
---------------------------+-------+-------+-------++-------
  Melee: Hand axe          |    24 |     6 |       ||    30
         Short sword       |    32 |    65 |       ||    97
         Dagger            |       |    41 |    34 ||    75
         Punch             |       |     1 |       ||     1
  Throw: Stone             |       |     1 |       ||     1
   Cast: Sting             |    65 |   166 |    74 ||   305
         Shock             |       |    25 |   123 ||   148
         Mercury Vapours   |       |       |     1 ||     1
    Use: Scroll            |     3 |     3 |     3 ||     9
         Potion            |       |     2 |     2 ||     4
   Stab: Sleeping          |     1 |       |       ||     1
 Armour: Robe              |    40 |   117 |    81 ||   238
  Dodge: Dodged            |    31 |   163 |   149 ||   343

Table legend: (Time is in decaauts)
 A = Elapsed time spent in this place.
 B = Non-inter-level travel time spent in this place.
 C = Inter-level travel time spent in this place.
 D = Time resting spent in this place.
 E = Time spent auto-exploring this place.
 F = Levels seen in this place.
 G = Mean time per level.
                   A        B        C        D        E       F      G
               +--------+--------+--------+--------+--------+-----+--------+
         Total |  10586 |  10101 |    485 |   2152 |   5394 |   9 | 1176.2 |
       Dungeon |   8908 |   8473 |    435 |   1561 |   4957 |   7 | 1272.6 |
        Temple |     52 |      2 |     50 |      0 |      0 |   1 |   52.0 |
         Sewer |   1624 |   1624 |      0 |    591 |    436 |   1 | 1624.0 |
               +--------+--------+--------+--------+--------+-----+--------+

Top non-repeatable levels by time:
     D:5: 2290 daAuts
   Sewer: 1624 daAuts
     D:6: 1596 daAuts
     D:3: 1261 daAuts
     D:1: 1225 daAuts
     D:4: 1200 daAuts
     D:2: 1028 daAuts
     D:7: 306 daAuts
  Temple: 52 daAuts
